 Dungeon Crawl Stone Soup version 0.18.1-8-gdd0e5ea (console) character file.

116 2d6 the Digger (level 4, -12/37 HPs)
             Began as a Draconian Earth Elementalist on May 21, 2016.
             Killed by divine providence
             ... invoked by an orc priest
              (16 damage)
             ... on level 3 of the Dungeon.
             The game lasted 00:11:09 (2793 turns).

2d6 the Digger (Draconian Earth Elementalist)       Turns: 2793, Time: 00:11:09

Health: -12/37     AC:  5    Str: 15    XL:     4   Next: 70%
Magic:  1/8        EV: 12    Int: 16    God:
Gold:   129        SH:  0    Dex: 12    Spells: 2 memorised, 5 levels left

rFire  . . .     SeeInvis .     d - +0 hand axe
rCold  . . .     Gourm    .     (armour unavailable)
rNeg   . . .     Faith    .     (no shield)
rPois  .         Spirit   .     (helmet restricted)
rElec  .         Dismiss  .     (no cloak)
rCorr  .         Reflect  .     (no gloves)
SustAt .         Harm     .     (no boots)
MR     .....                    j - amulet of rage
Stlth  ++........               (no ring)
                                (no ring)

@: mighty, very slightly contaminated, not resistant to hostile enchantments,
unstealthy
A: unfitting armour, cold-blooded, AC +5
a: Evoke Berserk Rage


You were on level 3 of the Dungeon.
You were hungry.

You visited 1 branch of the dungeon, and saw 3 of its levels.

You collected 129 gold pieces.

Inventory:

Hand Weapons
 d - a +0 hand axe (weapon)
 e - a +0 hunting sling
Missiles
 a - 75 stones (quivered)
 n - 23 poisoned needles
Jewellery
 j - an amulet of rage (around neck)
Scrolls
 i - 2 scrolls of teleportation
 m - a scroll of remove curse {unknown}
 o - a scroll of enchant armour {unknown}
Potions
 f - 2 potions of flight {unknown}
 g - a potion of brilliance {unknown}
 k - a potion of degeneration {unknown}
 p - a potion of berserk rage {unknown}
 q - a potion of curing {unknown}
Books
 b - a book of Geomancy

   Spells                             Type                      Level
   a - Sandblast                      Earth                        1
   b - Passwall                       Transmutation/Earth          2
   c - Stone Arrow                    Conjuration/Earth            3
   d - Petrify                        Transmutation/Earth          4
   e - Lee's Rapid Deconstruction     Earth                        5
Comestibles
 c - 2 bread rations
 h - 4 fruits


   Skills:
 + Level 2.4 Fighting
 + Level 2.5 Dodging
 - Level 1.7 Stealth
 + Level 3.0 Spellcasting
   Level 1.0 Transmutations
 + Level 3.6 Earth Magic


You had 5 spell levels left.
You knew the following spells:

 Your Spells              Type           Power        Failure   Level  Hunger
a - Sandblast             Erth           ##....       6%          1    #......
b - Stone Arrow           Conj/Erth      #.....       28%         3    ###....


Dungeon Overview and Level Annotations

Branches:
Dungeon (3/15)

Altars:
Xom

Annotations:
D:3 Grinder


Innate Abilities, Weirdness & Mutations

Your plain brown scales are hard (AC +5).
Your body does not fit into most forms of armour.
You are cold-blooded and may be slowed by cold attacks.


Message History

The blast of sand misses Grinder.
The blast of sand hits the rat.
The rat is moderately wounded.
Grinder hits you!
You writhe in agony.
Drink which item? (? for menu, Esc to quit)
You feel very mighty all of a sudden.
The rat twitches its whiskers.
Grinder completely misses you.
You barely miss Grinder.
Grinder is lightly wounded.
Grinder blinks!
An orc comes into view. It is wielding a hand axe.
You slash Grinder!
Grinder is moderately wounded.
Grinder gestures at you. Pain shoots through your body!
* * * LOW HITPOINT WARNING * * *
The rat bites you but does no damage.
The orc priest invokes the aid of Beogh against you.
Beogh smites you!
You die...

#......##.#.###.#..
####.#.##.......#.#
#......#.#####.#
###.##.#.# ##+# #.##.#.#
##... #.##.#.###....
#......##.....
..###########....###......
.o./oo.or@5........'......
..###########....###.)....
##.#.# ##..... ###.#
##.... ######.# ##...
#......# ##'# #.###### #.#
#.# #########.# #.#
#.........#


You could see Grinder, an orc priest, 2 orcs and a rat.

Vanquished Creatures
  Ijyb (D:2)
  4 adders (D:2)
  A worm (D:2)
  2 dart slugs (D:1)
  2 giant geckos
  6 bats
  4 giant cockroaches (D:1)
  3 hobgoblins
  3 jackals (D:3)
  7 giant newts
  4 goblins
  9 kobolds
  5 rats
51 creatures vanquished.

Notes
Turn   | Place    | Note
--------------------------------------------------------------
     0 | D:1      | 2d6 the Draconian Earth Elementalist began the quest for the Orb.
     0 | D:1      | Reached XP level 1. HP: 14/14 MP: 3/3
   436 | D:1      | Reached skill level 1 in Fighting
   436 | D:1      | Reached XP level 2. HP: 23/23 MP: 1/5
   865 | D:1      | Found a shimmering altar of Xom.
  1191 | D:2      | Reached XP level 3. HP: 28/29 MP: 0/6
  1445 | D:2      | Noticed Ijyb
  1459 | D:2      | Killed Ijyb
  1459 | D:2      | Reached XP level 4. HP: 36/36 MP: 0/8
  1742 | D:2      | Learned a level 3 spell: Stone Arrow
  2782 | D:3      | Noticed Grinder
  2793 | D:3      | Killed from afar by an orc priest

Skill      XL: |  1  2  3  4 |
---------------+-------------+-----
Fighting       | 1 2 |  2.4
Dodging        | 2 |  2.5
Spellcasting   | 3 |  3.0
Stealth        | |  1.7
Transmutations | |  1.0
Earth Magic    | |  3.6

Action                   |  1- 3 |  4- 6 || total
-------------------------+-------+-------++-------
Melee: Hand axe          |    39 |    41 ||    80
       Tailslap          |     4 |     1 ||     5
 Cast: Sandblast         |    48 |    70 ||   118
       Stone Arrow       |       |     1 ||     1
 Abil: Evoke Berserk Rag |     1 |       ||     1
  Use: Scroll            |       |     1 ||     1
       Potion            |       |     1 ||     1
 Stab: Sleeping          |     1 |     1 ||     2
  Eat: Chunk             |     2 |     5 ||     7
Armor: Skin              |    26 |    25 ||    51
Dodge: Dodged            |    52 |    53 ||   105

Vault maps used:
D:1:      dpeg_arrival_windows_large_door, xom_teletrap_fun
D:2:      uniq_iyjb
D:3:      minmay_misc_feat_ornament, uniq_grinder
